AoeStats
← Maty

African Clearing

510323745Analyzed
4v4 RM · 1d ago on Sep 30, 2026· 50m 55s· 8 players
Game mode
Random Map
Map size
Large (8 player)
Population
200
Speed
Normal
Resources
Standard
Victory
Conquest
Starting age
Dark Age
Ending age
Imperial Age
RankedLock teamsTeams togetherTeam positionsShared explorationLock speedFull tech treeHidden civsTurbo modeCheats
Victory
Defeat
🇨🇿 Magyars · Czechia
1527
+16
🇮🇹 Gurjaras · Italy
1519
+17
🇨🇭 Spanish · Switzerland
1491
+18
🇩🇰 Burgundians · Denmark
1477
+18
🇦🇷 Portuguese · Argentina
1571
-19
🇨🇳 Wei · China
1553
-18
🇨🇳 Cumans · China
1540
-18
🇪🇨 Huns · Ecuador
1453
-14
DetectiveYemitoShumafuk
12:31 Feudal Age
13:45 Town Watch
16:31 Castle Age
14:57 Double-Bit Axe
15:59 Loom
16:03 Horse Collar
17:45 Gold Mining
19:02 Wheelbarrow
21:52 Heavy Plow
24:37 Bloodlines
25:19 Scale Barding Armor
25:25 Husbandry
27:26 Hand Cart
28:39 Chain Barding Armor
29:05 Gold Shaft Mining
32:45 Light Cavalry
37:39 Imperial Age
35:04 Fletching
35:14 Padded Archer Armor
35:38 Thumb Ring
36:03 Ballistics
36:28 Masonry
37:04 Bodkin Arrow
37:24 Leather Archer Armor
37:24 Treadmill Crane
38:02 Bow Saw
38:34 Bracer
39:08 Conscription
40:28 Chemistry
40:24 Siege Engineers
41:49 Ring Archer Armor
41:24 Recurve Bow
43:02 Parthian Tactics
43:29 Hoardings
42:46 Heavy Cavalry Archer
44:47 Stone Mining
45:35 Town Patrol
46:00 Corvinian Army
46:21 Bow Saw
lorddoc
3:17 Loom
13:17 Feudal Age
20:07 Castle Age
38:17 Padded Archer Armor
39:36 Double-Bit Axe
42:43 Leather Archer Armor
44:02 Wheelbarrow
45:17 Fletching
46:10 Bloodlines
46:00 Husbandry
49:53 Horse Collar
Nogard
2:46 Loom
12:37 Feudal Age
17:07 Castle Age
15:03 Gold Mining
19:57 Double-Bit Axe
39:19 Horse Collar
42:35 Bow Saw
47:20 Wheelbarrow
47:47 Heavy Plow
50:08 Gold Shaft Mining
49:23 Stone Mining
50:57 Hand Cart
51:34 Forging
51:29 Scale Barding Armor
52:02 Stone Shaft Mining
WalfTheWolf
6:31 Loom
6:37 Double-Bit Axe
13:23 Feudal Age
12:18 Horse Collar
15:28 Bow Saw
19:29 Castle Age
19:08 Forging
21:21 Cavalier
23:05 Fletching
25:11 Bodkin Arrow
30:23 Husbandry
31:12 Fishing Lines
32:41 Wheelbarrow
32:07 Gillnets
34:25 Scale Barding Armor
34:26 Stone Mining
35:51 Two-Man Saw
38:02 Hand Cart
39:02 Town Watch
42:07 Imperial Age
40:36 Coinage
41:11 Chain Barding Armor
43:03 Iron Casting
43:27 Plate Barding Armor
42:34 Paladin
44:00 Conscription
44:20 Burgundian Vineyards
44:43 Gold Mining
46:43 Blast Furnace
45:50 Treadmill Crane
47:11 Chemistry
45:44 Light Cavalry
47:32 Gold Shaft Mining
47:04 Hussar
49:13 Ballistics
49:13 Bombard Tower
[QHB]Hammer warriors
3:18 Loom
13:19 Feudal Age
13:56 Double-Bit Axe
17:11 Castle Age
17:53 Horse Collar
19:42 Bow Saw
很蓝的啦
3:54 Loom
12:51 Feudal Age
13:57 Town Watch
15:10 Double-Bit Axe
18:20 Gold Mining
18:14 Horse Collar
20:23 Wheelbarrow
22:24 Castle Age
20:27 Scale Mail Armor
20:37 Forging
21:58 Stone Mining
23:23 Chain Mail Armor
22:29 Pikeman
24:35 Gold Mining
24:58 Capped Ram
26:40 Bloodlines
31:23 Fletching
33:00 Bodkin Arrow
35:12 Padded Archer Armor
35:20 Thumb Ring
36:52 Leather Archer Armor
38:59 Ballistics
38:49 Masonry
40:50 Light Cavalry
41:42 Scale Barding Armor
43:32 Chain Barding Armor
47:26 Imperial Age
45:41 Hand Cart
45:27 Town Patrol
46:03 Masonry
48:05 Steppe Husbandry
48:30 Conscription
47:54 Elite Kipchak
49:48 Chemistry
49:43 Plate Barding Armor
51:00 Parthian Tactics
Maty
10:26 Loom
13:14 Feudal Age
14:11 Double-Bit Axe
14:26 Horse Collar
18:12 Forging
21:32 Bloodlines
22:46 Wheelbarrow
23:54 Town Watch
27:05 Castle Age
25:34 Fishing Lines
26:41 Scale Barding Armor
27:08 Light Cavalry
28:56 Gillnets
30:35 Chain Barding Armor
30:17 Husbandry
34:36 Bow Saw
37:04 Iron Casting
39:25 Hand Cart
42:33 Imperial Age
40:56 Gold Mining
40:57 Stone Mining
41:09 Heavy Plow
42:58 Gold Shaft Mining
43:06 Cavalier
44:22 Plate Barding Armor
44:51 Guilds
45:50 Blast Furnace
44:27 Paladin
48:54 Conscription
49:57 Two-Man Saw
50:39 Hussar
断刀客
12:27 Feudal Age
15:03 Fletching
15:52 Loom
28:53 Castle Age
28:14 Bloodlines
29:34 Bodkin Arrow
30:45 Padded Archer Armor
30:46 Husbandry
34:33 Leather Archer Armor
36:37 Wheelbarrow
36:35 Ballistics
46:02 Imperial Age
45:47 Scale Barding Armor
47:40 Forging
47:24 Horse Collar
51:19 Chain Barding Armor
51:35 Iron Casting
Connection lost

Rejoining the realm…

Still unreachable

The connection could not be restored.

Session expired

The server has moved on; the page needs a fresh start.